 Dungeon Crawl Stone Soup version 0.29.0-4-gdea44cf6ec (webtiles) character file.

Game seed: 7419350098417999171

63 ProzacElf the Gusty (level 3, -1/24 HPs)
             Began as a Demonspawn Air Elementalist on Aug 27, 2022.
             Slain by a gnoll
             ... wielding a +1 flail of holy wrath
              (15 damage)
             ... on level 2 of the Dungeon.
             The game lasted 00:06:35 (2051 turns).

ProzacElf the Gusty (Demonspawn Air Elementalist)   Turns: 2051, Time: 00:06:36

Health: -1/24      AC:  2    Str:  8    XL:     3   Next: 87%
Magic:  0/6        EV: 12    Int: 18    God:
Gold:   61         SH:  4    Dex: 13    Spells: 3/6 levels left

rFire   . . .      SeeInvis .   a - +4 whip (drain)
rCold   . . .      Faith    .   (no shield)
rNeg    . . .      Spirit   .   e - +0 robe
rPois   .          Reflect  .   (no helmet)
rElec   .          Harm     .   (no cloak)
rCorr   .          Rampage  .   (no gloves)
Will    .....                   (no boots)
Stlth   ++........              (no amulet)
HPRegen 0.08/turn               (no ring)
MPRegen 0.10/turn               (no ring)

@: no status effects
A: condensation shield
a: no special abilities


You were on level 2 of the Dungeon.
You visited 1 branch of the dungeon, and saw 2 of its levels.

You collected 61 gold pieces.

Inventory:

Hand Weapons
 a - a +4 whip of draining (weapon)
 b - a +0 spear
 i - a +0 falchion
 o - a +0 hand axe
 s - a +0 halberd
 t - a +0 trident
 u - a +0 short sword
Missiles
 c - 3 curare-tipped darts
Armour
 e - a +0 robe (worn)
 k - a +0 ring mail
 r - a +0 pair of gloves
Scrolls
 f - 3 scrolls of identify {unknown}
 g - a scroll of amnesia {unknown}
 j - 3 scrolls of immolation {unknown}
 m - a scroll of blinking {unknown}
 n - a scroll of teleportation {unknown}
 p - a scroll of silence {unknown}
 q - a scroll of fog {unknown}
Potions
 d - a potion of brilliance {unknown}
 h - a potion of magic
 l - a potion of degeneration {unknown}


   Skills:
 - Level 1.7 Dodging
 - Level 1.7 Stealth
 - Level 2.0 Spellcasting
 + Level 2.7 Conjurations
 + Level 3.6 Air Magic


You had 3 spell levels left.
You knew the following spells:

 Your Spells              Type           Power      Damage    Failure   Level
a - Shock                 Conj/Air       52%        1d6       4%          1
b - Static Discharge      Conj/Air       13%        3-5/arc   8%          2

Your spell library contained the following spells:

 Spells                   Type           Power      Damage    Failure   Level
 Swiftness                Air            14%        N/A       12%         3
 Ensorcelled Hibernation  Hex/Ice        2%         N/A       26%         2
 Spider Form              Tmut/Pois      1%         N/A       47%         3
 Airstrike                Air            7%         2d(1-17)  38%         4
 Anguish                  Hex/Necr       0%         N/A       87%         4


Dungeon Overview and Level Annotations

Branches:
Dungeon (2/15)

Altars:


Innate Abilities, Weirdness & Mutations

A meltable shield of frost defends you. (SH +4)


Message History

Ye regain'd 2 mp, an' now haf 4/6 mp.
Ye start restin'.
A gnoll be nearby!
Castin': Shock (safe; 4% risk o' failure) Confirm wit' . or Enter, or press ? or * ta list all spells.
Aimin': Shock (safe; 4% risk o' failure)
Press: ? - help, Shift-Dir - straight line Tha zap hits tha gnoll but does nay damage.
Tha gnoll shouts!
Tha zap misses tha gnoll.
Ye hear a shout!
Ye now haf 3/6 mp.
Okay, than.
Castin': Shock (safe; 4% risk o' failure) Confirm wit' . or Enter, or press ? or * ta list all spells.
Aimin': Shock (safe; 4% risk o' failure)
Press: ? - help, Shift-Dir - straight line Tha zap hits tha gnoll but does nay damage. x2
Ye now haf 2/6 mp.
Castin': Shock (safe; 4% risk o' failure) Confirm wit' . or Enter, or press ? or * ta list all spells.
Aimin': Shock (safe; 4% risk o' failure)
Press: ? - help, Shift-Dir - straight line Tha zap hits tha gnoll but does nay damage.
Tha zap misses tha gnoll.
Ye block tha gnoll's attack.
Ye now haf 1/6 mp.
Castin': Shock (safe; 4% risk o' failure) Confirm wit' . or Enter, or press ? or * ta list all spells.
Aimin': Shock (safe; 4% risk o' failure)
Press: ? - help, Shift-Dir - straight line Tha zap hits tha gnoll.
Tha gnoll be moderately wounded.
Tha zap hits tha hobgoblin.
Tha hobgoblin be heavily wounded.
Tha zap hits tha hobgoblin.
Ye kill tha hobgoblin!
Tha gnoll hits ye wit' a +1 flail o' holy wrath!
Ye convulse!
Ouch! Tha re'lly hurt!
Ye die...

.########......# .....
..####
#......##....g...
.....###......##.......
#...#......#.......
#(.......# ..g
######.......# .g
..............# .#
..............####†#
...............@g..#
...................#
.........##........#
.........####.####.#
.........# #... .#
........# ###.# .#
##...## ..#.# #... ....
##.


You could see a gnoll.

Vanquished Creatures
  3 gnolls (D:2)
  A worm (D:2)
  4 ball pythons (D:1)
  5 endoplasms (D:1)
  2 goblins (D:1)
  2 hobgoblins
  3 jackals (D:1)
  3 kobolds
  4 bats
  2 rats (D:1)
29 creatures vanquished.

Notes
Turn   | Place    | Note
-------+----------+-------------------------------------------
     0 | D:1      | ProzacElf the Demonspawn Air Elementalist began the quest
                  | for the Orb.
     0 | D:1      | Reached XP level 1. HP: 13/13 MP: 3/3
   402 | D:1      | Reached skill level 3 in Air Magic
   402 | D:1      | Gained mutation: A meltable shield of frost defends you.
                  | (SH +4) [demonic ancestry]
   402 | D:1      | Reached XP level 2. HP: 19/19 MP: 1/5
  1412 | D:1      | Learned a level 2 spell: Static Discharge
  1471 | D:2      | Reached XP level 3. HP: 18/24 MP: 1/6
  2051 | D:2      | Slain by a gnoll

Illustrated notes

Levels and vault maps discovered:
D:1:      dpeg_arrival_central, layout_loops_ring, minmay_tromino_i4
D:2:      layout_basic, ebering_ecumenical_altar_rust, uniq_terence

Skill      XL: |  1  2 |
---------------+-------+-----
Air Magic      | 3 |  3.6
Conjurations   | 2 |  2.7
Dodging        | |  1.7
Stealth        | |  1.7
Spellcasting   | |  2.0

Action                   || total
-------------------------++-------
Melee: Spear             ||    21
       Short sword       ||     7
 Cast: Shock             ||    56
 Stab: Sleeping          ||     2
Armor: Robe              ||     9
Dodge: Dodged            ||    40
Block: Other             ||    10
